AoeStats
← Drydaitas

African Clearing

510522935Analyzed
2v2 RM · 16h ago on Oct 1, 2026· 118m 57s· 4 players
Game mode
Random Map
Map size
Medium (4 player)
Population
200
Speed
Normal
Resources
Standard
Victory
Conquest
Starting age
Dark Age
Ending age
Imperial Age
RankedLock teamsTeams togetherTeam positionsShared explorationLock speedFull tech treeHidden civsTurbo modeCheats
Victory
Defeat
🇨🇳 Georgians · China
1364
+17
🇨🇳 Spanish · China
1179
+24
🇨🇿 Burgundians · Czechia
1388
-21
🇨🇿 Berbers · Czechia
1360
-20
02288
13:10 Feudal Age
11:31 Loom
14:22 Double-Bit Axe
17:03 Castle Age
18:12 Bow Saw
18:13 Light Cavalry
24:33 Fletching
26:39 Bodkin Arrow
28:13 Wheelbarrow
27:41 Fishing Lines
29:16 Bloodlines
30:02 Ballistics
30:04 Gillnets
31:28 Hand Cart
31:55 Husbandry
32:12 Padded Archer Armor
37:30 Imperial Age
36:15 Leather Archer Armor
37:34 Heavy Cavalry Archer
38:40 Parthian Tactics
38:18 Bracer
38:28 Guard Tower
38:24 Arrowslits
38:35 Murder Holes
38:50 Masonry
38:52 Fortified Wall
39:32 Gold Mining
39:37 Stone Mining
39:34 Town Watch
40:40 Keep
41:17 Stone Shaft Mining
41:52 Chemistry
41:52 Svan Towers
42:08 Conscription
41:35 Treadmill Crane
44:20 Architecture
45:08 Siege Engineers
45:10 Aznauri Cavalry
45:43 Hoardings
45:13 Caravan
49:42 Scale Barding Armor
49:47 Forging
51:57 Chain Barding Armor
51:48 Forging
52:02 Hussar
53:20 Plate Barding Armor
57:26 Iron Casting
60:21 Blast Furnace
71:57 Coinage
72:17 Herbal Medicine
76:48 Banking
76:28 Guilds
98:22 Elite Monaspa
102:34 Onager
103:51 Siege Onager
106:19 Siege Onager
108:22 Siege Onager
02281
4:02 Loom
14:03 Feudal Age
18:58 Castle Age
17:16 Stone Mining
17:43 Double-Bit Axe
21:38 Gold Mining
23:46 Husbandry
23:53 Padded Archer Armor
24:49 Town Watch
25:18 Bloodlines
25:54 Leather Archer Armor
28:16 Horse Collar
35:20 Imperial Age
35:47 Wheelbarrow
37:26 Hand Cart
38:44 Bow Saw
38:37 Heavy Plow
39:22 Stone Shaft Mining
39:49 Caravan
41:03 Fortified Wall
42:45 Chemistry
42:31 Ring Archer Armor
42:24 Conscription
41:54 Cavalier
42:41 Scale Barding Armor
43:55 Two-Man Saw
42:23 Elite Conquistador
43:27 Paladin
44:29 Chain Barding Armor
44:19 Forging
45:49 Plate Barding Armor
46:42 Iron Casting
50:09 Blast Furnace
49:38 Light Cavalry
51:40 Fletching
51:51 Scale Mail Armor
51:29 Hussar
52:26 Fervor
52:11 Herbal Medicine
56:06 Chain Mail Armor
60:51 Plate Mail Armor
60:16 Bodkin Arrow
59:45 Pikeman
60:25 Squires
62:08 Bombard Tower
62:09 Ballistics
61:46 Murder Holes
61:36 Arrowslits
62:22 Halberdier
63:07 Bracer
63:15 Guard Tower
63:36 Masonry
72:05 Coinage
75:43 Banking
81:56 Keep
81:52 Architecture
92:48 Onager
96:00 Spies/Treason
102:07 Shipwright
Drydaitas
5:38 Loom
5:43 Double-Bit Axe
13:40 Feudal Age
15:10 Bow Saw
18:45 Castle Age
16:38 Horse Collar
16:54 Gold Mining
18:27 Heavy Plow
18:29 Stone Mining
24:26 Two-Man Saw
24:13 Crop Rotation
23:50 Scale Mail Armor
27:09 Forging
27:27 Fletching
30:26 Wheelbarrow
31:20 Husbandry
33:04 Scale Barding Armor
33:36 Town Watch
34:07 Hand Cart
34:25 Town Patrol
35:52 Stone Shaft Mining
36:34 Gold Shaft Mining
36:12 Masonry
36:23 Ballistics
37:03 Chain Barding Armor
37:04 Burgundian Vineyards
37:48 Squires
37:45 Bodkin Arrow
37:36 Elite Skirmisher
41:06 Imperial Age
38:53 Padded Archer Armor
38:56 Murder Holes
40:25 Arson
41:01 Leather Archer Armor
40:23 Pikeman
40:55 Light Cavalry
42:16 Conscription
41:26 Elite Coustillier
42:09 Bracer
42:46 Iron Casting
43:47 Hoardings
45:41 Chemistry
45:17 Plate Barding Armor
45:43 Blast Furnace
44:35 Halberdier
45:39 Chain Mail Armor
45:56 Architecture
45:22 Treadmill Crane
47:48 Hussar
47:49 Cavalier
49:17 Paladin
50:45 Elite Genitour
50:50 Capped Ram
50:51 Onager
52:02 Plate Mail Armor
52:08 Coinage
51:48 Guilds
51:39 Caravan
57:08 Flemish Revolution
73:23 Fortified Wall
90:36 Guard Tower
90:31 Arrowslits
91:08 Bombard Tower
92:57 Banking
92:01 Sappers
93:08 Keep
92:39 Siphons
92:45 Clinker Construction
92:02 Man-at-Arms
92:07 Crossbowman
93:14 Long Swordsman
100:00 Two-Handed Swordsman
114:14 Champion
Sikfred
4:56 Loom
13:20 Feudal Age
14:45 Double-Bit Axe
17:21 Castle Age
15:53 Stone Mining
17:10 Gold Mining
26:59 Fletching
28:48 Ballistics
30:30 Padded Archer Armor
32:45 Bow Saw
32:19 Horse Collar
33:45 Bodkin Arrow
34:54 Wheelbarrow
34:06 Town Watch
35:01 Stone Shaft Mining
37:55 Leather Archer Armor
38:33 Gold Shaft Mining
37:57 Murder Holes
37:43 Treadmill Crane
41:11 Imperial Age
40:10 Hand Cart
39:58 Town Patrol
40:18 Scale Barding Armor
41:41 Elite Camel Archer
42:42 Conscription
42:46 Husbandry
42:56 Bloodlines
43:42 Bracer
44:13 Ring Archer Armor
46:57 Chemistry
50:17 Pikeman
50:58 Squires
51:02 Scale Mail Armor
51:12 Forging
52:07 Siege Engineers
51:44 Treadmill Crane
54:13 Heavy Camel Rider
55:34 Light Cavalry
63:03 Maghrebi Camels
64:47 Chain Mail Armor
64:53 Chain Barding Armor
65:09 Iron Casting
69:05 Plate Mail Armor
69:11 Plate Barding Armor
69:06 Hussar
76:21 Elite Skirmisher
77:07 Thumb Ring
76:23 Elite Genitour
85:55 Heavy Plow
85:45 Arson
86:05 Kasbah
85:53 Cavalier
92:14 Masonry
92:40 Crop Rotation
93:47 Guilds
94:08 Coinage
93:39 Caravan
Connection lost

Rejoining the realm…

Still unreachable

The connection could not be restored.

Session expired

The server has moved on; the page needs a fresh start.